 Dungeon Crawl Stone Soup version 0.30-a0-782-ge64f9170bb (webtiles) character file.

Game seed: 14353326540110374498

21970 senseless the Fighter (level 12, -6/105 HPs)
             Began as a Demonspawn Fighter on Mar 14, 2023.
             Was a High Priest of Okawaru.
             Mangled by a minotaur
             ... wielding a +4 scimitar of holy wrath
              (9 damage)
             ... in a Gauntlet.
             The game lasted 00:35:19 (13908 turns).

senseless the Fighter (Demonspawn Fighter)         Turns: 13908, Time: 00:35:20

Health: -6/105     AC: 27    Str: 25    XL:     12   Next: 58%
Magic:  6/12       EV: 11    Int: 18    God:    Okawaru [*****.]
Gold:   1055       SH: 19    Dex: 21    Spells: 11/11 levels left

rFire   . . .      SeeInvis .    a - +1 flail (freeze)
rCold   . . .      Faith    .    N - +5 kite shield "Ror Rawn" {rPois Str+3 Int+2 Dex+9}
rNeg    + . .      Spirit   .    H - +3 plate armour
rPois   +          Reflect  .    y - +0 helmet
rElec   .          Harm     .    z - +1 cloak {Will+}
rCorr   .          Rampage  .    r - +2 pair of gloves
Will    +....      NoTele   +    (boots unavailable) Stlth
                                 T - amulet of regeneration
HPRegen 1.17/turn                C - ring of positive energy
MPRegen 0.13/turn                S - +6 ring of intelligence

@: heroic, finesse-ful
A: hooves 3, spiny 2, demonic magic 1
a: Renounce Religion, Heroism, Finesse, Duel


You were in a Gauntlet.
You worshipped Okawaru.
Okawaru was extremely pleased with you.
You visited 2 branches of the dungeon, and saw 14 of its levels.
You also visited: Sewer, Bailey and Gauntlet.

You collected 1055 gold pieces.

Inventory:

Hand Weapons
 a - a +1 flail of freezing (weapon)
 p - a +0 dire flail of protection
 x - a +3 long sword
Missiles
 f - 58 poisoned darts (quivered)
 t - 2 javelins
 A - 10 boomerangs
 L - 7 atropa-tipped darts
 O - 3 curare-tipped darts
Armour
 c - a +1 buckler
 n - a +1 ring mail of fire resistance
 r - a +2 pair of gloves (worn)
 y - a +0 helmet (worn)
 z - a +1 cloak of willpower (worn)
 H - a +3 plate armour (worn)
 K - an orb of energy
 N - the +5 kite shield "Ror Rawn" (worn) {rPois Str+3 Int+2 Dex+9}
   (You acquired it on level 12 of the Dungeon)

   Str:       It affects your strength (+3).
   Int:       It affects your intelligence (+2).
   Dex:       It affects your dexterity (+9).
   rPois:     It protects you from poison.
 P - a +1 hat
 U - a scarf of invisibility
 W - a +0 cloak of poison resistance
Jewellery
 C - a ring of positive energy (left hand)
 E - a ring of ice
 S - a +6 ring of intelligence (right hand)
 T - an amulet of regeneration (around neck)
Wands
 b - a wand of flame (8)
 u - a wand of acid (17)
 v - a wand of polymorph (10)
 G - a wand of paralysis (5)
 M - a wand of roots (5)
Scrolls
 e - 9 scrolls of teleportation
 o - 3 scrolls of fear
 s - 8 scrolls of magic mapping
 B - 3 scrolls of fog
 F - a scroll of brand weapon
 I - 2 scrolls of enchant weapon
 Q - a scroll of poison
Potions
 d - 2 potions of might
 g - 2 potions of heal wounds
 h - 4 potions of cancellation
 i - 3 potions of attraction
 j - a potion of berserk rage
 k - 3 potions of curing
 l - 7 potions of invisibility
 m - 4 potions of haste
 q - a potion of degeneration {unknown}
 w - 5 potions of lignification
 D - a potion of flight {unknown}
 J - a potion of mutation {unknown}
 R - 2 potions of ambrosia
 V - a potion of magic {unknown}


   Skills:
 * Level 13.4(18.4) Fighting
 + Level 9.0(14.0) Maces & Flails
 + Level 9.2(14.2) Armour
 + Level 2.9(7.9) Dodging
 + Level 9.2(14.2) Shields


You had 11 spell levels left.
You didn't know any spells.
Your spell library contained the following spells:

 Spells                   Type           Power      Damage    Failure   Level
 Lesser Beckoning         Tloc           0%         N/A       99%         2
 Static Discharge         Conj/Air       0%         2-2/arc   99%         2
 Gell's Gravitas          Tloc           0%         N/A       100%        3
 Teleport Other           Tloc           0%         N/A       100%        3
 Vhi's Electric Charge    Tloc/Air       0%         N/A       100%        3
 Airstrike                Air            0%         2d(0-16)  100%        4
 Arcjolt                  Conj/Air       0%         1d10      100%        5
 Iskenderun's Battlesphe  Conj           0%         2d6       100%        5
 Lightning Bolt           Conj/Air       0%         1d11      100%        5
 Iron Shot                Conj/Erth      0%         9d1       100%        6
 Summon Lightning Spire   Summ/Air       Unusable   N/A       N/A         4
 Spellforged Servitor     Conj/Summ      Unusable   N/A       N/A         7

Dungeon Overview and Level Annotations

Branches:
Dungeon (13/15)            Temple (1/1) D:7            Lair (0/5) D:8
    Orc (0/2) D:10          Sewer (visited)          Bailey (visited)
Gauntlet (1/1)
 Vaults: D:13-14

Altars:
Ashenzari
Cheibriados
Dithmenos
Fedhas
Gozag
Hepliaklqana
Kikubaaqudgha
Makhleb
Nemelex Xobeh
Okawaru
Qazlal
Ru
Sif Muna
Trog
Uskayaw
Vehumet
Wu Jian
Xom
Yredelemnul

Shops:
D:5 =   D:10 (

Portals:
Trove: D:10 (give 11 potions of heal wounds)

Annotations:
D:5 Sigmund
D:8 2 transporters, gengaozo's ghost, novice OpWn
D:10 Nergalle Gauntlet 10 transporters, exclusion: oklob plant


Innate Abilities, Weirdness & Mutations

You have hooves in place of feet.
You are mostly covered in sharp spines.
Spells you cast may paralyse adjacent enemies.


Message History

The minotaur hits you with a +4 scimitar of holy wrath!
You convulse!
You block the minotaur's attack.
You are too injured to fight recklessly!
You are too injured to fight recklessly!
You hit the minotaur but do no damage.
You kick the minotaur, but do no damage.
The minotaur is lightly wounded.
You hit the minotaur but do no damage. Your kick misses the minotaur.
The minotaur is lightly wounded.
The minotaur hits you with a +4 scimitar of holy wrath.
You convulse.
You block the minotaur's attack.
You hit the minotaur. You freeze the minotaur.
The minotaur is lightly wounded.
You sock the minotaur! You freeze the minotaur.
The minotaur is moderately wounded.
The minotaur hits you with a +4 scimitar of holy wrath.
You convulse.
The minotaur gores you but does no damage.
You barely miss the minotaur. You kick the minotaur.
The minotaur is moderately wounded.
You barely miss the minotaur.
The minotaur furiously retaliates!
The minotaur headbutts you, but does no damage.
Your kick misses the minotaur.
The minotaur is moderately wounded.
You hit the minotaur. You freeze the minotaur.
You kick the minotaur, but do no damage.
The minotaur is moderately wounded.
You block the minotaur's attack. The minotaur gores you!
* * * LOW HITPOINT WARNING * * *
You thump the minotaur! You freeze the minotaur.
You kick the minotaur, but do no damage.
The minotaur is heavily wounded.
You barely miss the minotaur.
You kick the minotaur, but do no damage.
The minotaur is heavily wounded.
The minotaur is struck by your spines.
The minotaur hits you with a +4 scimitar of holy wrath!!
* * * LOW HITPOINT WARNING * * *
You convulse!
You die...

#≈.......#.#..≈∩≈..#.#.......≈
##########.#########.#########
#8# #≈...............≈# #8 ##
#8.8.8.8.8.8.8.8.8# ##
#≈...............≈#
#####.###.###.#####
###.###.###.# #............
#.###@###.## #. #H# # ...
####' .. ##


You could see a minotaur.

Vanquished Creatures
  Fannar (D:10)
  2 vault guards (Bailey)
  A hell beast (Gauntlet)
  A boulder beetle (D:13)
  4 two-headed ogres
  A death knight (D:12)
  An ugly thing (D:12)
  4 cyclopes
  2 manticores
  A moth of wrath (Gauntlet)
  2 komodo dragons
  2 kobold demonologists (D:13)
  2 polar bears (D:9)
  4 trolls
  Prince Ribbit (Bailey)
  A vampire (D:12)
  A shadow (D:11)
  19 yaks
  2 wyverns
  3 humans (Bailey)
  A steam dragon (D:6)
  2 vampire mosquitoes (D:11)
  A warg (D:10)
  2 acid dragons
  A hell hound (Gauntlet)
  3 water moccasins
  5 orc warriors
  6 ice beasts
  2 black bears
  5 wolves (Gauntlet)
  2 centaurs
  A phantom (D:7)
  6 kobold brigands
  5 small abominations (Gauntlet)
  17 bullfrogs
  5 scorpions
  A necrophage (D:5)
  9 wights
  3 killer bees (D:8)
  A jelly (D:5)
  2 hounds
  Crazy Yiuf (D:7)
  5 orc priests
  A gnoll bouda (D:6)
  5 iguanas
  Terence (D:3)
  8 orc wizards
  4 gnolls (D:6)
  12 adders
  5 river rats (Sewer)
  A shadow imp (D:7)
  3 white imps (D:9)
  3 ufetubi
  A worm (D:2)
  34 orcs
  2 bats
  3 endoplasms
  2 giant cockroaches
  12 goblins
  5 hobgoblins
  27 kobolds
  5 quokkas
  18 ball pythons
  11 frilled lizards
  27 rats
331 creatures vanquished.

Vanquished Creatures (others)
  An orc wizard (D:10)
  14 plants
15 creatures vanquished.

Grand Total: 346 creatures vanquished

Notes
Turn   | Place    | Note
-------+----------+-------------------------------------------
     0 | D:1      | senseless the Demonspawn Fighter began the quest for the
                  | Orb.
     0 | D:1      | Reached XP level 1. HP: 18/18 MP: 1/1
   425 | D:1      | Gained mutation: You have large cloven feet. [demonic
                  | ancestry]
   425 | D:1      | Reached XP level 2. HP: 23/24 MP: 2/2
  1021 | D:2      | Gained mutation: You are partially covered in sharp spines.
                  | [demonic ancestry]
  1021 | D:2      | Reached XP level 3. HP: 28/29 MP: 3/3
  1560 | D:3      | Found a glowing drain.
  1572 | Sewer    | Entered a sewer
  1673 | Sewer    | Reached XP level 4. HP: 35/35 MP: 4/4
  1833 | Sewer    | Reached skill level 1 in Dodging
  1946 | Sewer    | Noticed a bullfrog
  1949 | Sewer    | Noticed a bullfrog
  1955 | Sewer    | Gained mutation: You have hoof-like feet. [demonic
                  | ancestry]
  1955 | Sewer    | Reached XP level 5. HP: 9/42 MP: 5/5
  1956 | Sewer    | HP: 2/42 [bullfrog (5)]
  1958 | Sewer    | Reached skill level 4 in Fighting
  1958 | Sewer    | Reached XP level 6. HP: 1/48 MP: 6/6
  2374 | D:3      | Noticed Terence
  2384 | D:3      | Killed Terence
  2561 | D:3      | Found a radiant altar of Vehumet.
  3771 | D:5      | Entered Level 5 of the Dungeon
  3772 | D:5      | Noticed Sigmund
  3813 | D:5      | Noticed a water moccasin
  3818 | D:4      | Killed a water moccasin
  3819 | D:4      | Reached XP level 7. HP: 55/55 MP: 7/7
  3883 | D:5      | Reached skill level 5 in Fighting
  4054 | D:5      | Found Pullewil's Jewellery Shop.
  4450 | D:6      | Gained mutation: You are mostly covered in sharp spines.
                  | [demonic ancestry]
  4450 | D:6      | Reached XP level 8. HP: 44/64 MP: 8/8
  4461 | D:5      | Reached skill level 6 in Fighting
  4752 | D:6      | Reached skill level 5 in Armour
  4752 | D:6      | Reached skill level 5 in Shields
  5004 | D:6      | Reached skill level 7 in Fighting
  5291 | D:7      | Reached skill level 5 in Maces & Flails
  5553 | D:7      | Found a staircase to the Ecumenical Temple.
  5627 | Temple   | Entered the Ecumenical Temple
  5634 | Temple   | Became a worshipper of Warmaster Okawaru
  5726 | D:7      | Found an ancient bone altar of Kikubaaqudgha.
  5910 | D:7      | Found a runed translucent door.
  5911 | D:7      | Noticed Crazy Yiuf
  6054 | D:7      | Killed Crazy Yiuf
  6055 | D:7      | Reached XP level 9. HP: 72/72 MP: 9/9
  6144 | D:8      | Found a flagged portal.
  6162 | Bailey   | Entered a bailey
  6245 | Bailey   | Reached * piety under Okawaru
  6246 | Bailey   | Reached skill level 8 in Fighting
  6282 | Bailey   | Noticed Prince Ribbit
  6283 | Bailey   | Noticed a vault guard
  6289 | Bailey   | Killed Prince Ribbit
  6300 | Bailey   | Killed a vault guard
  6300 | Bailey   | Reached ** piety under Okawaru
  6301 | Bailey   | Reached skill level 9 in Fighting
  6395 | Bailey   | Noticed a vault guard
  6407 | Bailey   | Killed a vault guard
  6408 | Bailey   | Gained mutation: Spells you cast may paralyse adjacent
                  | enemies. [demonic ancestry]
  6408 | Bailey   | Reached XP level 10. HP: 71/83 MP: 10/10
  6563 | Bailey   | Reached *** piety under Okawaru
  6645 | D:8      | Found a staircase to the Lair.
  6650 | D:8      | Found a blossoming altar of Fedhas.
  6726 | D:8      | Found a transporter.
  6734 | D:8      | Found a transporter.
  6737 | D:8      | Noticed gengaozo's ghost (novice OpWn)
  6902 | D:8      | Reached skill level 10 in Fighting
  7070 | D:8      | Found a basalt altar of Yredelemnul.
  7070 | D:8      | Found a hazy altar of Hepliaklqana.
  7072 | D:8      | Found a snail-covered altar of Cheibriados.
  7075 | D:8      | Found a hide-covered altar of Uskayaw.
  7365 | D:8      | Reached **** piety under Okawaru
  8199 | D:9      | Reached ***** piety under Okawaru
  8439 | D:9      | Gained mutation: You have hooves in place of feet. [demonic
                  | ancestry]
  8439 | D:9      | Reached XP level 11. HP: 63/92 MP: 11/11
  8443 | D:9      | Reached skill level 11 in Fighting
  8735 | D:10     | Entered Level 10 of the Dungeon
  8735 | D:10     | Noticed a two-headed ogre
  8746 | D:10     | Killed a two-headed ogre
  8936 | D:10     | Noticed a two-headed ogre
  8945 | D:10     | Killed a two-headed ogre
  9027 | D:10     | Noticed a sea snake
  9032 | D:10     | Noticed Fannar
  9036 | D:10     | Noticed Nergalle
  9070 | D:10     | Killed Fannar
  9598 | D:10     | Reached skill level 12 in Fighting
  9602 | D:10     | Noticed a sea snake
  9839 | D:10     | Found a staircase to the Orcish Mines.
 10081 | D:10     | Found Yrid's Firing Range.
 10143 | D:10     | Found a stormy altar of Qazlal.
 10289 | D:10     | Found a portal to a secret trove of treasure.
 10458 | D:10     | Found a shimmering blue altar of Sif Muna.
 10706 | D:11     | Noticed a two-headed ogre
 10717 | D:11     | Killed a two-headed ogre
 10717 | D:11     | Identified the +0 cloak "Giwour" {Harm Rampage rCorr Dex-4}
                  | (Okawaru gifted it to you on level 11 of the Dungeon)
 10717 | D:11     | Received a gift from Okawaru
 11090 | D:11     | Noticed a two-headed ogre
 11093 | D:11     | Killed a two-headed ogre
 11094 | D:11     | Reached XP level 12. HP: 84/103 MP: 12/12
 12011 | D:12     | Noticed a death knight
 12022 | D:12     | Killed a death knight
 12262 | D:12     | Reached skill level 13 in Fighting
 12985 | D:12     | Identified a scroll of acquirement
 12985 | D:12     | Acquired the +5 kite shield "Ror Rawn" {rPois Str+3 Int+2
                  | Dex+9}
 13113 | D:13     | Noticed a boulder beetle
 13145 | D:13     | Killed a boulder beetle
 13308 | D:13     | Found a gate leading to a gauntlet.
 13313 | Gauntlet | Entered a Gauntlet
 13313 | Gauntlet | Found a transporter.
 13313 | Gauntlet | Found a transporter.
 13317 | Gauntlet | Found a transporter.
 13326 | Gauntlet | Found a transporter.
 13345 | Gauntlet | Found a transporter.
 13355 | Gauntlet | Found a transporter.
 13355 | Gauntlet | Found a transporter.
 13358 | Gauntlet | Found a transporter.
 13360 | Gauntlet | Noticed a hell beast
 13385 | Gauntlet | Found a transporter.
 13394 | Gauntlet | Found a transporter.
 13405 | Gauntlet | Found a transporter.
 13414 | Gauntlet | Found a transporter.
 13460 | Gauntlet | Found a transporter.
 13474 | Gauntlet | Found a transporter.
 13576 | Gauntlet | Found a transporter.
 13592 | Gauntlet | Found a transporter.
 13796 | Gauntlet | Killed a hell beast
 13893 | Gauntlet | Noticed a minotaur
 13908 | Gauntlet | HP: 3/105 [minotaur/+4 scimitar of holy wrath (20)]
 13908 | Gauntlet | Mangled by a minotaur

Illustrated notes

Levels and vault maps discovered:
D:1:      dpeg_arrival_ternary, layout_basic
D:2:      layout_loops_cross, minmay_misc_feat_rows
D:3:      layout_basic, nicolae_vehumet_altar_sigil, portal_sewer_entry_d,
          hangedman_abyss_or_decor_lesser_grid, uniq_terence
D:4:      layout_basic
D:5:      layout_gridville, serial_shops, nicolae_shop_hallway_stairs,
          uniq_sigmund
D:6:      layout_basic, dk_rats_in_the_wall
D:7:      layout_gridville, kennysheep_little_box,
          nicolae_kikubaaqudgha_miasma_corner, minmay_temple_entry_overgrown,
          patterned_corridor, uniq_crazy_yiuf_cottage
D:8:      layout_loops_ring, lemuel_round_altar, minitemple, lair_entry_dummy,
          gammafunk_ghost_hive, enter_bailey_5, minmay_lizard_king
D:9:      layout_basic, serial_ice, serial_ice_e, serial_ice_b, serial_ice_i,
          serial_ice_m, serial_ice_g, serial_ice_h, serial_ice_c
D:10:     layout_roguey, overflow_temple_1_default, lemuel_blue_sif_altar,
          erik_orc_4, enter_trove_6, serial_aquarium, aquarium_bridge_straight
          [aquarium_subvault_bridge, aquarium_subvault_window,
          aquarium_subvault_bridge, aquarium_subvault_balcony],
          aquarium_bridge_long_joined [aquarium_subvault_bridge,
          aquarium_subvault_bridge, aquarium_subvault_wall,
          aquarium_subvault_window, aquarium_subvault_wall,
          aquarium_subvault_bridge], aquarium_window_double,
          aquarium_window_fake, aquarium_window_corner,
          aquarium_window_corridor_3, aquarium_view_2c, aquarium_view_2f,
          nicolae_shop_firing_range, uniq_nergalle, uniq_fannar
D:11:     layout_basic
D:12:     layout_basic
D:13:     layout_roguey, david_vaults_1, gauntlet_entry_generic,
          minmay_beelzebubs_servants
Temple:   nicolae_temple_no_exploring_needed
Gauntlet: gammafunk_gauntlet_branching [nicolae_gauntlet_arena_t_cross,
          gammafunk_gauntlet_arena_mazey, gammafunk_gauntlet_arena_teeth,
          gammafunk_gauntlet_arena_grid, gammafunk_gauntlet_arena_crates,
          nicolae_gauntlet_arena_flowing_pool, nicolae_gauntlet_arena_quarters,
          gammafunk_gauntlet_arena_corners, gauntlet_exit_watery]

Skill      XL: |  1  2  3  4  5  6  7  8  9 10 11 12 |
---------------+-------------------------------------+-----
Shields        | 3 4 5 6 7 8 9 |  9.2
Maces & Flails | 2 3 4 5 6 7 8 9 |  9.0
Armour         | 3 4 5 6 7 8 9 |  9.2
Dodging        | 1 2 |  2.9
Fighting       | 4 5 7 9 10 12 13 | 13.4

Action                     |  1- 3 |  4- 6 |  7- 9 | 10-12 || total
---------------------------+-------+-------+-------+-------++-------
  Melee: Flail             |   101 |    95 |   167 |   538 ||   901
         Kick              |    18 |    18 |    47 |   198 ||   281
  Throw: Dart              |       |       |       |     7 ||     7
 Invoke: Heroism           |       |       |       |     4 ||     4
         Finesse           |       |       |       |     2 ||     2
    Use: Scroll            |     2 |    11 |     2 |     8 ||    23
         Potion            |       |     2 |     2 |     5 ||     9
 Armour: Scale mail        |    45 |    26 |       |       ||    71
         Plate armour      |       |    20 |   107 |   300 ||   427
         Chain mail        |       |    16 |       |       ||    16
  Dodge: Dodged            |    38 |    49 |    48 |   150 ||   285
  Block: Buckler           |    20 |    31 |    54 |   161 ||   266
         Kite shield       |       |       |       |   105 ||   105

Table legend: (Time is in decaauts)
 A = Elapsed time spent in this place.
 B = Non-inter-level travel time spent in this place.
 C = Inter-level travel time spent in this place.
 D = Time resting spent in this place.
 E = Time spent auto-exploring this place.
 F = Levels seen in this place.
 G = Mean time per level.
                   A        B        C        D        E       F      G
               +--------+--------+--------+--------+--------+-----+--------+
         Total |  14067 |  13192 |    875 |    796 |  10070 |  17 |  827.5 |
       Dungeon |  12343 |  11474 |    869 |    562 |   9144 |  13 |  949.5 |
        Temple |     14 |      8 |      6 |      0 |      0 |   1 |   14.0 |
         Sewer |    642 |    642 |      0 |    167 |    296 |   1 |  642.0 |
        Bailey |    472 |    472 |      0 |      0 |    341 |   1 |  472.0 |
      Gauntlet |    594 |    594 |      0 |     67 |    288 |   1 |  594.0 |
               +--------+--------+--------+--------+--------+-----+--------+

Top non-repeatable levels by time:
    D:10: 1559 daAuts
    D:11: 1453 daAuts
     D:8: 1236 daAuts
     D:9: 1204 daAuts
     D:3: 1016 daAuts
    D:12: 1003 daAuts
     D:1: 878 daAuts
     D:7: 819 daAuts
     D:4: 815 daAuts
     D:6: 753 daAuts
     D:2: 671 daAuts
   Sewer: 642 daAuts
     D:5: 616 daAuts
Gauntlet: 594 daAuts
  Bailey: 472 daAuts
